Map: Cerulean Fall LE

Players

SmolNerd

  • Race: Protoss Protoss
  • League: Platinum
  • Spawn Location: 7:00

IHAVENONAME - Winner!

  • Race: Zerg Zerg
  • League: Silver
  • Spawn Location: 1:00

VOD

Have the link to the VOD?

Description

Time

  • Played on: Nov. 29, 2018, 9:08 p.m.
  • Length: 9:09
Show
View Real Time Build Order
Export as new Build Order

SmolNerd Protoss 

Build Orders:  

Get SALT Encoding   

  12  0:01  Probe  
  13  0:13  Probe  
  14  0:22  Pylon  
  14  0:26  Probe  
  15  0:40  Probe  
  16  0:52  Probe  
  17  1:04  Probe  
  18  1:12  Nexus  
  18  1:15  Gateway  
  18  1:23  Pylon  
  18  1:30  Probe  
  19  1:42  Probe, Forge  
  20  1:50  Probe  
  20  1:57  Assimilator  
  20  1:59  Probe  
  21  2:01  Assimilator  
  21  2:08  Probe, Zealot  
  25  2:16  Probe  
  26  2:23  Probe  
  26  2:25  Probe  
  28  2:32  Cybernetics Core  
  28  2:36  Probe  
  29  2:38  Photon Cannon  
  29  2:41  Probe  
  30  2:44  Probe  
  30  2:49  Probe  
  31  2:53  Probe  
  31  2:54  Zealot  
  35  2:58  Probe  
  35  3:02  Probe  
  37  3:10  Probe, Warp Gate  
  38  3:14  Probe  
  38  3:17  Assimilator  
  38  3:19  Assimilator  
  39  3:22  Probe  
  39  3:26  Probe  
  41  3:31  Shield Battery  
  41  3:33  Photon Cannon  
  41  3:34  Probe  
  41  3:39  Photon Cannon, Probe  
  42  3:42  Photon Cannon  
  42  3:43  Probe  
  42  3:47  Probe  
  44  3:52  Probe  
  44  3:53  Protoss Ground Weapons Level 1  
  46  4:03  Pylon  
  46  4:07  Pylon  
  46  4:09  Pylon  
  46  4:17  Stalker  
  46  4:21  Probe x2  
  50  4:33  Probe  
  50  4:34  Stargate  
  50  4:35  Stargate  
  51  4:41  Stalker  
  53  5:04  Protoss Air Weapons Level 1  
  53  5:10  Oracle x2  
  53  5:11  Stalker  
  61  5:40  Pylon  
  61  5:41  Zealot  
  61  5:42  Pylon  
  62  5:46  Pylon  
  62  5:47  Protoss Ground Armor Level 1, Oracle x2  
  68  5:52  Pylon  
  68  5:56  Pylon  
  68  6:00  Twilight Council  
  68  6:08  Zealot  
  70  6:24  Void Ray x2  
  78  6:35  Zealot  
  80  7:02  Zealot  
  82  7:19  Charge  
  79  7:25  Void Ray x2  
  79  7:29  Zealot  
  89  7:39  Gateway  
  89  7:40  Gateway  
  89  7:43  Gateway  
  89  7:46  Gateway  
  65  8:23  Stalker  
  61  8:41  Stalker x4  
  47  8:55  Probe  
Show
View Real Time Build Order
Export as new Build Order

IHAVENONAME Zerg - Winner!

Build Orders: Hatch First 

Get SALT Encoding   

  12  0:01  Drone  
  13  0:12  Overlord  
  13  0:17  Drone  
  14  0:31  Drone x2  
  16  0:36  Drone  
  17  0:56  Hatchery  
  16  0:58  Drone  
  16  1:02  Drone  
  18  1:07  Drone  
  19  1:19  Spawning Pool  
  19  1:22  Drone  
  19  1:26  Extractor  
  19  1:29  Drone  
  19  1:39  Overlord  
  19  1:50  Drone  
  20  2:02  Drone  
  20  2:05  Queen  
  20  2:08  Queen  
  25  2:12  Roach Warren  
  25  2:13  Drone  
  25  2:16  Drone  
  26  2:26  Drone  
  26  2:27  Drone  
  28  2:34  Drone  
  28  2:35  Extractor, Drone  
  29  2:44  Evolution Chamber  
  29  2:48  Evolution Chamber  
  29  2:50  Queen  
  29  2:52  Drone  
  29  2:54  Drone  
  31  3:00  Drone  
  31  3:01  Drone  
  33  3:10  Lair  
  33  3:13  Drone  
  33  3:15  Drone  
  35  3:24  Overlord, Drone  
  36  3:28  Overlord  
  36  3:40  Zerg Ground Armor Level 1  
  36  3:44  Roach x2  
  36  3:46  Roach  
  42  3:49  Roach  
  42  3:54  Drone x2  
  46  3:56  Drone  
  46  4:01  Drone x2  
  49  4:03  Drone  
  49  4:09  Roach  
  52  4:17  Zerg Missile Weapons Level 1  
  52  4:18  Glial Reconstitution  
  52  4:23  Overlord x2  
  52  4:40  Overlord  
  52  4:41  Overlord x3  
  52  4:44  Extractor  
  52  4:45  Drone x4  
  55  4:47  Extractor  
  55  4:51  Metabolic Boost  
  54  4:53  Drone  
  54  4:54  Drone  
  56  5:10  Hatchery  
  55  5:15  Drone x2  
  55  5:16  Drone x3  
  61  5:21  Drone x2  
  62  5:33  Hydralisk Den  
  63  5:42  Roach  
  63  5:43  Roach x7  
  77  6:01  Zerg Melee Weapons Level 1  
  77  6:05  Grooved Spines  
  77  6:11  Zerg Ground Armor Level 2  
  77  6:12  Zergling x2  
  77  6:13  Zergling x14  
  85  6:27  Drone  
  85  6:28  Drone x6  
  92  6:35  Hydralisk x3  
  98  6:46  Hydralisk  
  98  6:47  Hydralisk x3  
  105  6:58  Hydralisk x2  
  105  6:59  Hydralisk x2  
  100  7:06  Hydralisk  
  84  7:24  Spore Crawler  
  84  7:28  Spore Crawler  
  82  7:30  Drone  
  82  7:31  Spore Crawler, Drone x4  
  82  7:33  Spore Crawler  
  85  7:49  Drone  
  85  7:50  Drone x5  
  65  8:23  Zergling x8  
  65  8:24  Zergling x14  
  76  8:30  Queen  
  76  8:32  Queen  
  80  8:50  Ravager  
Tags
 
Add a new tag
Caveats
  • Supply blocks, unpowered buildings, or Contaminate may cause inaccurate times.
  • Supply counts are checked every 10 seconds.